 Dungeon Crawl Stone Soup version 0.22-a0-161-g198051cff3 (webtiles) character file.

3871 MrRokkomies the Spear-Bearer (level 10, -3/70 HPs)
             Began as a Barachi Summoner on Feb 11, 2018.
             Was an Elder of Cheibriados.
             Slain by a wyvern (13 damage)
             ... on level 10 of the Dungeon.
             The game lasted 00:42:39 (9717 turns).

MrRokkomies the Spear-Bearer (Barachi Summoner)     Turns: 9717, Time: 00:42:39

Health: -3/70      AC:  8    Str: 20    XL:     10   Next: 19%
Magic:  19/26      EV: 13    Int: 31    God:    Cheibriados [****..]
Gold:   398        SH:  4    Dex: 22    Spells: 5/18 levels left

rFire    . . .     SeeInvis .   a - +0 glaive
rCold    . . .     Gourm    .   (shield currently unavailable)
rNeg     . . .     Faith    .   t - +3 leather armour of the Crown {+Blink +Fly rPois}
rPois    +         Spirit   .   (no helmet)
rElec    .         Reflect  .   (no cloak)
rCorr    .         Harm     .   j - +1 pair of gloves
MR       .....     Clarity  +   (no boots)
Stlth    +++.......             (no amulet)
HPRegen  0.21/turn              A - ring of stealth
MPRegen  0.20/turn              y - ring of magical power

@: very slow
A: +LOS, swims, large bone plates 1, blink, clarity, clever 1, slowness 1,
strong legs 1
a: Hop, Blink, Bend Time, Temporal Distortion, Slouch, Renounce Religion, Evoke
Blink, Evoke Flight


You were on level 10 of the Dungeon.
You worshipped Cheibriados.
Cheibriados was greatly pleased with you.
You were not hungry.

You visited 2 branches of the dungeon, and saw 11 of its levels.

You collected 559 gold pieces.
You spent 161 gold pieces at shops.

Inventory:

Hand Weapons
 a - a +0 glaive (weapon)
Missiles
 f - 7 curare-tipped needles
 x - 3 throwing nets (quivered)
Armour
 j - a +1 pair of gloves (worn)
 t - the +3 leather armour of the Crown (worn) {+Blink +Fly rPois}
   (You bought it in a shop on level 4 of the Dungeon)

   It protects you from poison.
   It lets you fly.
   It lets you blink.
Jewellery
 i - a +2 ring of dexterity
 l - a +2 amulet of reflection
 m - an uncursed ring of protection from fire
 y - a ring of magical power (right hand)
 A - a ring of stealth (left hand)
 C - an uncursed ring of stealth
Wands
 h - a wand of paralysis (23)
 r - a wand of iceblast (14)
 B - a wand of flame (16)
Scrolls
 d - 2 scrolls of enchant weapon
 e - 8 scrolls of remove curse
 g - 2 scrolls of teleportation
 q - 2 scrolls of fog
 w - 2 scrolls of blinking
Potions
 k - 2 potions of agility
 n - 2 potions of heal wounds
 o - a potion of experience {unknown}
 p - 3 potions of mutation
 s - a potion of magic
 u - a potion of ambrosia {unknown}
 v - a potion of haste {unknown}
 z - a potion of resistance {unknown}
 D - a potion of might
 E - a potion of curing
Books
 b - a book of Callings

   Spells                             Type                      Level
   a - Summon Small Mammal            Summoning                    1
   b - Call Imp                       Summoning                    2
   c - Call Canine Familiar           Summoning                    3
   d - Summon Guardian Golem          Hexes/Summoning              3
   e - Summon Lightning Spire         Summoning/Air                4
   f - Summon Ice Beast               Ice/Summoning                4
 G - a book of Cantrips

   Spells                             Type                      Level
   a - Confusing Touch                Hexes                        1
   b - Animate Skeleton               Necromancy                   1
   c - Summon Small Mammal            Summoning                    1
   d - Apportation                    Translocation                1
Comestibles
 c - 9 rations


   Skills:
 - Level 3.3 Fighting
   Level 1.0 Short Blades
 * Level 9.7 Polearms
 - Level 0.9 Armour
 - Level 2.5 Dodging
 - Level 2.1 Stealth
 - Level 4.8 Spellcasting
 * Level 9.6 Summonings
 - Level 4.0 Ice Magic
 - Level 4.0 Air Magic


You had 5 spell levels left.
You knew the following spells:

 Your Spells              Type           Power        Failure   Level  Hunger
b - Call Imp              Summ           ######..     1%          2    None
c - Call Canine Familiar  Summ           ######..     1%          3    None
d - Summon Ice Beast      Ice/Summ       #####...     4%          4    ###....
e - Summon Lightning Spi  Summ/Air       ######..     3%          4    ###....


Dungeon Overview and Level Annotations

Branches:
Dungeon (10/15)            Temple (1/1) D:4            Lair (0/6) D:9
    Orc (0/2) D:9

Altars:
Ashenzari
Cheibriados
Dithmenos
Elyvilon
Fedhas
Gozag
Hepliaklqana
Kikubaaqudgha
Makhleb
Nemelex Xobeh
Okawaru
Qazlal
Ru
Sif Muna
Trog
Uskayaw
Vehumet
Wu Jian
Xom
Yredelemnul
Zin
The Shining One

Shops:
D:4 *   D:6 ?[*((   D:7 **?   D:9 (

Annotations:
D:5 WhatIsLove's ghost, amateur HOMo
D:6 2 transporters
D:9 Psyche


Innate Abilities, Weirdness & Mutations

Shadows flee at your approach. (+LOS)
You can swim through water.
You cover ground slowly.
You can hop short distances.
You are partially covered in large bone plates. (SH +4)
You can translocate small distances at will.
You possess an exceptional clarity of mind.
Your mind is acute. (Int +2)


Message History

Your ice beast hits the wyvern but does no damage.
You slash the wyvern!
The wyvern is severely wounded.
The wyvern closely misses you.
The ogre hits your ice beast with a giant spiked club!!
Your ice beast hits the wyvern but does no damage.
The wyvern barely misses your ice beast.
You strike the helpless wyvern from behind!
You hit the wyvern but do no damage.
The wyvern is severely wounded.
The wyvern bites you!
Your ice beast barely misses the wyvern.
The ogre hits your ice beast with a giant spiked club!
Your ice beast dies!
Casting: Summon Ice Beast (safe; 4% risk of failure)
Confirm with . or Enter, or press ? or * to list all spells.
A chill wind blows around you. The wyvern bites you!!
* * * LOW HITPOINT WARNING * * *
The wyvern bites you!
You die...

...#. ..#.
.... ...
#.. #..
#..
#.O######
#.Yl@...#
##.####.#
#. #.# #.
###.# #.
#...# ..
#.########
..
#.#......#
.>
#.#.####.#
###
#(#.#..#.#


You could see a wyvern, an ogre and a friendly ice beast.

Vanquished Creatures
  Pikel (D:5)
  A hippogriff (D:8)
  A water moccasin (D:7)
  3 orc warriors
  An ice beast (D:7)
  A sky beast (D:8)
  An ogre (D:9)
  A necrophage (D:6)
  A phantom (D:4)
  2 centaurs
  Blork the orc (D:5)
  2 bullfrogs
  3 scorpions
  A troll zombie (D:9)
  2 killer bees (D:8)
  3 howler monkeys
  2 crimson imps
  3 bullfrog zombies
  2 jellies
  A centaur zombie (D:9)
  3 orc priests
  2 hounds
  2 orc wizards
  A centaur skeleton (D:8)
  An iguana (D:7)
  4 worker ants
  5 ogre zombies (D:9)
  A hound skeleton (D:8)
  3 adders
  5 gnolls
  An ooze (D:2)
  A worm (D:3)
  2 dart slugs (D:2)
  3 leopard geckos
  21 orcs
  A ball python (D:3)
  4 giant cockroaches
  4 hobgoblins
  4 quokkas
  4 bats
  6 frilled lizards
  3 goblins (D:2)
  A goblin skeleton (D:9)
  2 goblin zombies (D:9)
  3 kobolds
  A leopard gecko zombie (D:5)
  2 orc skeletons (D:9)
  11 orc zombies (D:9)
  6 rats
140 creatures vanquished.

Vanquished Creatures (collateral kills)
  A two-headed ogre (D:8)
  A hungry ghost (D:10)
  Edmund (D:6)
  2 wargs (D:9)
  An orc warrior (D:7)
  A necrophage (D:5)
  A centaur (D:8)
  A bullfrog (D:4)
  3 killer bees (D:8)
  A crimson imp (D:8)
  An orc priest (D:7)
  A jelly (D:7)
  Ijyb (D:4)
  A worker ant (D:4)
  6 gnolls
  4 adders
  4 worms
  2 leopard geckos
  15 orcs
  A giant cockroach (D:7)
  3 goblins (D:1)
  A bat (D:1)
  A frilled lizard (D:1)
  A kobold (D:1)
  An orc zombie (D:9)
  2 rats
58 creatures vanquished.

Vanquished Creatures (others)
  A bullfrog zombie (D:5)
  A bullfrog skeleton (D:5)
  An iguana (D:5)
  An orc (D:5)
4 creatures vanquished.

Grand Total: 202 creatures vanquished

Notes
Turn   | Place    | Note
-------+----------+-------------------------------------------
     0 | D:1      | MrRokkomies the Barachi Summoner began the quest for the Orb.
     0 | D:1      | Reached XP level 1. HP: 13/13 MP: 3/3
   149 | D:1      | Reached skill level 5 in Summonings
   497 | D:1      | Reached XP level 2. HP: 19/19 MP: 5/5
   996 | D:1      | Learned a level 2 spell: Call Imp
  1209 | D:2      | Found a glowing silver altar of Zin.
  1214 | D:2      | Found an opulent altar of Gozag.
  1322 | D:2      | Reached XP level 3. HP: 20/25 MP: 6/6
  1397 | D:2      | Found a sparkling altar of Nemelex Xobeh.
  1574 | D:2      | Found an ornate altar of the Wu Jian Council.
  1579 | D:2      | Reached skill level 1 in Short Blades
  1597 | D:2      | Reached skill level 1 in Fighting
  1856 | D:3      | Reached XP level 4. HP: 17/32 MP: 2/7
  2027 | D:3      | Learned a level 3 spell: Call Canine Familiar
  2443 | D:3      | Reached skill level 1 in Polearms
  2774 | D:3      | Found a deep blue altar of Sif Muna.
  2880 | D:4      | Noticed a bullfrog
  2888 | D:4      | Reached XP level 5. HP: 23/39 MP: 5/8
  2889 | D:4      | Found a glowing golden altar of the Shining One.
  2975 | D:4      | Reached XP level 6. HP: 19/47 MP: 9/9
  3208 | D:4      | Found a shattered altar of Ashenzari.
  3209 | D:4      | Found a sacrificial altar of Ru.
  3209 | D:4      | Found a burning altar of Makhleb.
  3210 | D:4      | Found a hazy altar of Hepliaklqana.
  3517 | D:4      | Noticed a phantom
  3549 | D:4      | Killed a phantom
  3599 | D:4      | Found Asuyz's Assorted Antiques.
  3603 | D:4      | Bought a slimy leather armour for 161 gold pieces
  3613 | D:4      | Identified the +3 leather armour of the Crown {+Blink +Fly rPois} (You bought it in a shop on level 4 of the Dungeon)
  3781 | D:4      | Found a staircase to the Ecumenical Temple.
  3792 | Temple   | Entered the Ecumenical Temple
  3852 | Temple   | Became a worshipper of Cheibriados the Contemplative
  3951 | D:4      | Noticed Ijyb
  3966 | D:4      | Killed Ijyb
  4034 | D:4      | Learned a level 4 spell: Summon Ice Beast
  4068 | D:5      | Entered Level 5 of the Dungeon
  4106 | D:5      | Noticed a necrophage
  4119 | D:5      | Killed a necrophage
  4119 | D:5      | Reached XP level 7. HP: 46/52 MP: 6/11
  4314 | D:5      | Found a sacrificial altar of Ru.
  4449 | D:5      | Gained mutation: You possess an exceptional clarity of mind. [potion of mutation]
  4449 | D:5      | Gained mutation: Your mind is acute. (Int +2) [potion of mutation]
  4449 | D:5      | Gained mutation: You are partially covered in large bone plates. (SH +4) [potion of mutation]
  4449 | D:5      | Gained mutation: You can translocate small distances at will. [potion of mutation]
  4470 | D:5      | Noticed Pikel
  4498 | D:5      | Killed Pikel
  4498 | D:5      | Reached skill level 5 in Polearms
  4498 | D:5      | Reached XP level 8. HP: 52/58 MP: 8/15
  4511 | D:5      | Learned a level 4 spell: Summon Lightning Spire
  4568 | D:5      | Noticed Blork the orc
  4602 | D:5      | Killed Blork the orc
  4602 | D:5      | Reached skill level 1 in Ice Magic
  4617 | D:5      | Noticed WhatIsLove's ghost (amateur HOMo)
  4683 | D:6      | Reached * piety under Cheibriados
  4903 | D:6      | Noticed Edmund
  5048 | D:6      | Killed Edmund
  5182 | D:6      | Found Gacit's Antique Weapon Emporium.
  5184 | D:6      | Found Cuiladi's Antique Weapon Emporium.
  5187 | D:6      | Found Lacua's Assorted Antiques.
  5192 | D:6      | Found Bocleshroy's Antique Armour Emporium.
  5192 | D:6      | Found Jienog's Magic Scroll Shop.
  5204 | D:6      | Found a transporter.
  5206 | D:6      | Found a transporter.
  5213 | D:6      | Noticed a troll
  5220 | D:6      | Found a stormy altar of Qazlal.
  5739 | D:6      | Reached skill level 1 in Air Magic
  5855 | D:6      | Paralysed by a centaur for 4 turns
  5935 | D:6      | Paralysed by a gnoll for 2 turns
  5940 | D:6      | Paralysed by a gnoll for 4 turns
  5979 | D:6      | Got a pair of dazzling boots
  5985 | D:6      | Identified the +1 pair of boots of Asitoumuo {-Cast rN+++ Int-2 Stlth+} (You found it on level 6 of the Dungeon)
  6208 | D:7      | Found Okif's General Store.
  6222 | D:7      | Found Meopuh's General Store.
  6230 | D:7      | Reached ** piety under Cheibriados
  6253 | D:7      | Reached XP level 9. HP: 64/64 MP: 16/16
  6279 | D:7      | Found Zugh's Magic Scroll Shoppe.
  6348 | D:7      | Found a bloodstained altar of Trog.
  7796 | D:8      | Noticed a two-headed ogre
  7809 | D:8      | Reached *** piety under Cheibriados
  7900 | D:8      | Killed a two-headed ogre
  8890 | D:9      | Reached **** piety under Cheibriados
  8907 | D:9      | Found Usyitapn's Antique Weapon Emporium.
  8914 | D:9      | Reached XP level 10. HP: 70/70 MP: 17/17
  8953 | D:9      | Found a staircase to the Orcish Mines.
  9114 | D:9      | Found a staircase to the Lair.
  9148 | D:10     | Entered Level 10 of the Dungeon
  9622 | D:9      | Noticed Psyche
  9717 | D:10     | Slain by a wyvern

Vault maps used:
D:1:      dpeg_arrival_ternary, minmay_nonomino_d4
D:2:      grunt_temple_overflow_gold_and_silver, lemuel_doored_altar,
          nicolae_overflow_hidden_temple, minmay_misc_feat_pillars
D:3:      lemuel_blue_sif_altar
D:4:      chequers_temple_overflow_statue_of_worship, tso_metal_star,
          temple_hall, first_ration, serial_shops, shop_statue, uniq_ijyb
D:5:      glass_columns_b, lemuel_tele_altar, uniq_blork_the_orc, uniq_pikel
D:6:      gammafunk_temple_overflow_arena, serial_shops, shop,
          minmay_shop_grid_forest, hex_large, uniq_edmund
D:7:      lemuel_crystal_altar, serial_shops, shop, shop_coins, shop
D:8:      special_room
D:9:      erik_lair_orcish_takeover, zombieorc2_lemuel, basic_altar,
          serial_shops, shop, shop, hangedman_fish_farm, uniq_psyche
D:10:     small_statue_alley_b, uniq_gastronok, uniq_nergalle
Temple:   eino_temple_lava

Skill      XL: |  1  2  3  4  5  6  7  8  9 10 |
---------------+-------------------------------+-----
Summonings     | 5 6 8 9 |  9.6
Stealth        | 2 |  2.1
Short Blades   | 1 |  1.0
Fighting       | 1 2 3 |  3.3
Polearms       | 1 2 3 5 7 9 |  9.7
Spellcasting   | 3 4 |  4.8
Ice Magic      | 4 |  4.0
Air Magic      | 3 4 |  4.0
Armour         | |  0.9
Dodging        | |  2.5

Action                   |  1- 3 |  4- 6 |  7- 9 | 10-12 || total
-------------------------+-------+-------+-------+-------++-------
Melee: Dagger            |   104 |    11 |       |       ||   115
       Unarmed           |     4 |       |       |       ||     4
       Trident           |       |   116 |   135 |       ||   251
       Halberd           |       |       |   198 |    64 ||   262
       Glaive            |       |       |       |    28 ||    28
 Cast: Summon Small Mamm |     5 |       |       |       ||     5
       Call Imp          |     7 |     8 |     2 |       ||    17
       Call Canine Famil |       |     8 |    23 |     3 ||    34
       Summon Ice Beast  |       |       |    10 |     3 ||    13
       Summon Lightning  |       |       |     5 |       ||     5
 Abil: Hop               |       |       |     1 |     1 ||     2
       Blink             |       |       |     1 |       ||     1
Evoke: Wand              |       |       |     3 |     2 ||     5
  Use: Scroll            |     6 |     1 |    12 |     1 ||    20
       Potion            |       |       |     3 |     1 ||     4
 Stab: Sleeping          |     7 |     4 |     3 |       ||    14
       Distracted        |       |       |     4 |     2 ||     6
  Eat: Chunk             |     4 |     9 |    10 |     2 ||    25
       Ration            |       |       |     1 |     2 ||     3
Armor: Robe              |     3 |       |       |       ||     3
       Leather armour    |    22 |    19 |    68 |    41 ||   150
Dodge: Dodged            |    54 |    42 |   142 |    76 ||   314
Block: Other             |       |     3 |    78 |    23 ||   104
       Reflection        |       |       |     3 |       ||     3

Table legend:
 A = Spawn XP
 B = Non-spawn XP
 C = Spawn XP percentage of total XP
 D = Spawn monster count
 E = Non-spawn monster count
 F = Spawn count percentage of total count
 G = Total turns spent on level
                    A         B        C        D         E        F      G
               +---------+---------+-------+---------+---------+-------+---------
         Total |       0 |    5531 |   0.0 |       0 |     198 |   0.0 |  9717
               +---------+---------+-------+---------+---------+-------+---------
           D:1 |       0 |      22 |   0.0 |       0 |      17 |   0.0 |  1179
           D:2 |       0 |      49 |   0.0 |       0 |      19 |   0.0 |   654
           D:3 |       0 |      71 |   0.0 |       0 |      17 |   0.0 |  1021
           D:4 |       0 |     388 |   0.0 |       0 |      12 |   0.0 |  1146
           D:5 |       0 |     881 |   0.0 |       0 |      16 |   0.0 |   568
           D:6 |       0 |     802 |   0.0 |       0 |      27 |   0.0 |  1550
           D:7 |       0 |     724 |   0.0 |       0 |      15 |   0.0 |   693
           D:8 |       0 |    1555 |   0.0 |       0 |      41 |   0.0 |  1862
           D:9 |       0 |     726 |   0.0 |       0 |      30 |   0.0 |   458
          D:10 |       0 |     313 |   0.0 |       0 |       4 |   0.0 |   518
               +---------+---------+-------+---------+---------+-------+---------
